AoeStats
← Sweetcoman

Arabia

507690197Analyzed
2v2 RM · 14d ago on Sep 19, 2026· 25m 1s· 4 players
Game mode
Random Map
Map size
Medium (4 player)
Population
200
Speed
Normal
Resources
Standard
Victory
Conquest
Starting age
Dark Age
Ending age
Imperial Age
RankedLock teamsTeams togetherTeam positionsShared explorationLock speedFull tech treeHidden civsTurbo modeCheats
Victory
Defeat
🇹🇼 Mongols · Taiwan
1198
+13
🇳🇿 Wei · New Zealand
1139
+16
🇩🇪 Vikings · Germany
1147
-15
🇳🇱 Mapuche · Netherlands
1130
-14
Sweetcoman
8:39 Loom
10:25 Feudal Age
15:59 Double-Bit Axe
18:10 Horse Collar
20:06 Champi Runner
21:43 Scale Mail Armor
21:54 Forging
24:16 Castle Age
23:17 Fletching
23:28 Padded Archer Armor
Jonas
7:22 Loom
9:58 Feudal Age
11:17 Double-Bit Axe
11:25 Gold Mining
11:16 Horse Collar
20:06 Padded Archer Armor
20:05 Fletching
21:26 Padded Archer Armor
25:02 Castle Age
Dobro
7:27 Loom
10:22 Feudal Age
12:13 Double-Bit Axe
14:22 Horse Collar
19:45 Castle Age
23:46 Gold Mining
24:27 Scale Barding Armor
24:33 Forging
fox0503
7:53 Feudal Age
6:09 Loom
11:52 Double-Bit Axe
15:15 Horse Collar
19:57 Castle Age
18:54 Bloodlines
18:52 Scale Barding Armor
19:48 Forging
22:44 Bow Saw
22:39 Town Watch
24:44 Chain Barding Armor
24:29 Husbandry
Connection lost

Rejoining the realm…

Still unreachable

The connection could not be restored.

Session expired

The server has moved on; the page needs a fresh start.